Map: Royal Blood LE

Players

lllllllllll - Winner!

  • Race: Zerg Zerg
  • League: Master
  • Spawn Location: 7:00

Rainesy

  • Race: Zerg Zerg
  • League: Master
  • Spawn Location: 1:00

VOD

Have the link to the VOD?

Description

Time

  • Played on: March 29, 2023, 12:12 p.m.
  • Length: 5:14
Show
View Real Time Build Order
Export as new Build Order

lllllllllll Zerg - Winner!

Build Orders: Hatch First 

Get SALT Encoding   

  12  0:00  Drone  
  13  0:13  Overlord  
  13  0:16  Drone  
  14  0:31  Drone  
  14  0:32  Drone  
  16  0:47  Hatchery  
  15  0:51  Drone  
  15  0:54  Drone  
  17  0:58  Drone  
  18  1:08  Extractor  
  17  1:14  Spawning Pool  
  17  1:16  Drone  
  17  1:19  Drone  
  18  1:28  Drone  
  20  1:40  Drone  
  20  1:50  Drone  
  21  2:01  Drone  
  21  2:02  Queen x2, Drone  
  27  2:10  Overlord  
  27  2:14  Drone  
  28  2:21  Overlord  
  28  2:30  Drone  
  28  2:31  Drone  
  28  2:33  Drone  
  31  2:38  Queen  
  31  2:43  Drone x2  
  35  2:45  Lair  
  35  2:53  Spore Crawler  
  36  2:58  Drone x2  
  36  3:00  Evolution Chamber  
  36  3:03  Drone  
  36  3:04  Roach Warren  
  36  3:05  Drone  
  37  3:07  Extractor  
  37  3:08  Extractor  
  35  3:17  Overlord  
  35  3:18  Drone x3  
  35  3:19  Drone x2  
  40  3:28  Drone  
  40  3:29  Drone  
  42  3:40  Overlord  
  42  3:43  Glial Reconstitution  
  42  3:51  Roach x5  
  42  3:54  Overlord  
  52  4:05  Overlord  
  52  4:10  Roach x2  
  52  4:11  Roach x2  
  60  4:21  Overlord  
  60  4:23  Roach  
  60  4:24  Roach x3  
  68  4:29  Roach x2  
  72  4:44  Roach x2  
  72  4:45  Roach  
Show
View Real Time Build Order
Export as new Build Order

Rainesy Zerg 

Build Orders: Hatch First 

Get SALT Encoding   

  12  0:00  Drone  
  13  0:12  Overlord  
  13  0:18  Drone  
  14  0:31  Drone x2  
  16  0:50  Hatchery  
  16  0:53  Drone  
  16  0:56  Drone  
  17  1:04  Drone  
  18  1:10  Extractor  
  17  1:18  Spawning Pool  
  17  1:20  Drone  
  17  1:24  Drone  
  18  1:28  Drone  
  19  1:41  Drone  
  20  1:49  Drone  
  21  1:59  Overlord  
  21  2:05  Queen x2  
  21  2:06  Zergling x2  
  26  2:15  Metabolic Boost  
  26  2:18  Drone x2  
  28  2:27  Drone x2  
  30  2:55  Hatchery  
  28  3:02  Drone x3  
  28  3:03  Zergling x2, Drone x2  
  28  3:04  Baneling Nest  
  33  3:13  Overlord  
  33  3:15  Queen  
  35  3:20  Zergling x2  
  36  3:41  Drone x7  
  39  3:42  Evolution Chamber  
  39  3:45  Drone x2  
  44  3:54  Roach Warren  
  43  3:58  Lair  
  43  3:59  Overlord  
  43  4:02  Extractor  
  43  4:04  Extractor  
  43  4:05  Extractor  
  40  4:23  Drone x3  
  43  4:24  Drone  
  43  4:25  Drone x2  
  43  4:26  Drone x3  
  43  4:27  Drone  
  43  4:28  Drone  
  51  4:33  Overlord  
  50  4:39  Roach x3  
Tags
 
Add a new tag
Caveats
  • Supply blocks, unpowered buildings, or Contaminate may cause inaccurate times.
  • Supply counts are checked every 10 seconds.